 Dungeon Crawl Stone Soup version 0.29.0-4-gdea44cf6ec (webtiles) character file.

Game seed: 17650497648835274408

5588 qw the Grappler (level 10, -10/92 HPs)
             Began as a Troll Cinder Acolyte on Aug 30, 2022.
             Was a Priest of Ignis.
             Mangled by a tengu warrior
             ... wielding a +0 great mace
              (11 damage)
             ... on level 10 of the Dungeon.
             The game lasted 00:04:18 (9019 turns).

qw the Grappler (Troll Cinder Acolyte)              Turns: 9019, Time: 00:04:19

Health: -10/92     AC: 12    Str: 28    XL:     10   Next: 45%
Magic:  10/10      EV:  8    Int: 10    God:    Ignis [***...]
Gold:   430        SH:  8    Dex:  5    Spells: 11/11 levels left

rFire   + . .      SeeInvis .     - Unarmed
rCold   . . .      Faith    .   f - +0 kite shield
rNeg    . . .      Spirit   .   h - +1 robe {Will+}
rPois   .          Reflect  .   (helmet restricted)
rElec   .          Harm     .   (no cloak)
rCorr   .          Rampage  .   (gloves unavailable)
Will    +....                   (boots unavailable)
Stlth   +.........              c - amulet of the acrobat
HPRegen 1.05/turn               (no ring)
MPRegen 0.12/turn               (no ring)

@: on fire, fiery-armoured, glowing
A: large, unfitting armour, claws 3, regeneration 1, shaggy fur 1, tough skin 1
a: Renounce Religion, Fiery Armour, Foxfire Swarm, Rising Flame


You were on level 10 of the Dungeon.
You worshipped Ignis.
Ignis was most pleased with you.
You visited 1 branch of the dungeon, and saw 10 of its levels.

You collected 430 gold pieces.


Innate Abilities, Weirdness & Mutations

You are too large for most types of armour.
You have claws for hands.
Your natural rate of healing is unusually fast.
You are covered in fur. (AC +1)
You have tough skin. (AC +1)


   Skills:
 - Level 4.0 Fighting
 - Level 3.5 Throwing
 - Level 1.1 Dodging
 - Level 9.0 Shields
 + Level 11.1 Unarmed Combat
 - Level 1.0 Spellcasting
 - Level 2.1 Fire Magic


You had 11 spell levels left.
You didn't know any spells.
Your spell library contained the following spells:

 Spells                   Type           Power      Damage    Failure   Level
 Scorch                   Fire           8%         2d5       38%         2

Inventory:

Missiles
 l - 6 boomerangs (quivered)
Armour
 a - +0 steam dragon scales
 f - a +0 kite shield (worn)
 h - a +1 robe of willpower (worn)
Jewellery
 c - an amulet of the acrobat (around neck)
Scrolls
 e - a scroll of identify
Potions
 b - 2 potions of curing
 d - 5 potions of haste
 g - 3 potions of might
 i - a potion of invisibility {unknown}
 k - a potion of cancellation

Dungeon Overview and Level Annotations

Branches:
Dungeon (10/15)            Temple (0/1) D:5
   Lair: D:8-11         Orc: D:9-12

Altars:
Ashenzari
Wu Jian
Yredelemnul

Shops:
D:1 (

Annotations:
D:4 1 runed translucent door, qw's ghost, novice TeWr
D:6 3 runed translucent doors, qw's ghost, novice TeWr
D:8 4 transporters
D:9 2 transporters, qw's ghost, novice TeWr


Message History

The tengu warrior pecks you.
The tengu warrior is burned by your cloak of flames.
The tengu warrior is severely wounded.
The tengu warrior claws you but does no damage.
You claw the tengu warrior!
The tengu warrior is almost dead.
The fire elemental hits you. The fire elemental burns you! You resist.
The fire elemental completely resists.
The tengu warrior hits you with a +0 great mace.
The tengu warrior is burned by your cloak of flames.
The tengu warrior is almost dead.
The tengu warrior pecks you but does no damage.
The tengu warrior claws you.
The tengu warrior is burned by your cloak of flames.
The tengu warrior is almost dead.
You closely miss the tengu warrior.
The tengu warrior is almost dead.
The fire elemental hits you. The fire elemental burns you! You resist.
The fire elemental completely resists.
You block the tengu warrior's attack.
The tengu warrior pecks you but does no damage.
You block the tengu warrior's attack.
You barely miss the tengu warrior.
The tengu warrior is almost dead.
The fire elemental hits you. The fire elemental burns you! You resist.
The fire elemental completely resists.
The deep elf pyromancer gestures wildly while chanting.
The deep elf pyromancer blinks!
The tengu warrior closely misses you. You block the tengu warrior's attack.
The tengu warrior claws you but does no damage.
The tengu warrior is burned by your cloak of flames.
The tengu warrior is almost dead.
You scratch the tengu warrior but do no damage.
The tengu warrior is almost dead.
The fire elemental barely misses you.
The deep elf pyromancer gestures at you while chanting.
The sticky flame hits you. You resist.
You are covered in liquid flames!
You block the fire elemental's attack.
The tengu warrior hits you with a +0 great mace!
You die...

#####.#........#.##.#...
......#..#####.#%#...$#
..............%%.>....#
...####..#.....#......#
...# #..#.###.#......#
...# #..#.# #.#......#
...# #..#.# #.#......#
...# #..#.# ###$e....#
...# #..#.# #@.#.#.#
...# #..#.# #EQ#.#.# #.#
#....# # .........
..ยค.....## .#.........
#.....#..... .
..#####... . .## ##.


You could see a tengu warrior, a deep elf pyromancer and a fire elemental
(summoned).

Vanquished Creatures
  A two-headed ogre (D:9)
  A troll (D:9)
  A hornet (D:9)
  Sigmund (D:3)
  4 yaks (D:10)
  2 steam dragons
  2 water moccasins
  2 orc warriors (D:8)
  A sky beast (D:8)
  3 ice beasts
  A centaur (D:9)
  2 kobold brigands
  4 bullfrogs
  A gnoll sergeant (D:8)
  A wyvern zombie (D:6)
  2 scorpions
  9 wights
  14 killer bees
  5 howler monkeys
  A bullfrog zombie (D:6)
  2 jellies
  3 gnoll boudas
  A hound (D:7)
  2 orc priests
  2 iguanas (D:6)
  4 orc wizards
  9 adders
  18 gnolls
  A shadow imp (D:6)
  A white imp (D:6)
  An ufetubus (D:4)
  2 worms
  6 dart slugs
  29 orcs
  4 ball pythons
  11 bats
  11 endoplasms
  2 giant cockroaches
  5 goblins
  6 hobgoblins
  5 quokkas
  2 frilled lizards (D:1)
  15 kobolds
  8 rats
208 creatures vanquished.

Vanquished Creatures (others)
  4 plants (D:4)
4 creatures vanquished.

Grand Total: 212 creatures vanquished

Notes
Turn   | Place    | Note
-------+----------+-------------------------------------------
     0 | D:1      | qw the Troll Cinder Acolyte began the quest for the Orb.
     0 | D:1      | Reached XP level 1. HP: 22/22 MP: 1/1
     0 | D:1      | 0 ||| qw: Version: 0.1-a-95-gae9e614
     0 | D:1      | 0 ||| qw: Game counter: 4387
     0 | D:1      | 0 ||| qw: Always use a shield: true
     0 | D:1      | 0 ||| qw: God list: Okawaru
     0 | D:1      | 0 ||| qw: Allow faded altars: false
     0 | D:1      | 0 ||| qw: Do Orc after D:15 true
     0 | D:1      | 0 ||| qw: Do second Lair branch before Depths: true
     0 | D:1      | 0 ||| qw: Lair rune preference: random
     0 | D:1      | 0 ||| qw: Plans: Normal
     0 | D:1      | 0 ||| PLANNING D:1-11
    77 | D:1      | 77 ||| Stepping ~*~*~tactically~*~*~ (outnumbered).
    78 | D:1      | 78 ||| Stepping ~*~*~tactically~*~*~ (outnumbered).
   174 | D:1      | Reached XP level 2. HP: 29/29 MP: 2/2
   331 | D:1      | Found a faded altar of an unknown god.
   507 | D:1      | Reached skill level 4 in Unarmed Combat
   514 | D:1      | Found Hinuf's Weapon Boutique.
   721 | D:1      | 721 ||| UPGRADING to +0 kite shield.
   726 | D:1      | 726 ||| UPGRADING to amulet of the acrobat.
   731 | D:1      | 731 ||| READING 2 scrolls labelled OGYAJY MITAO.
   732 | D:1      | 732 ||| READING scroll labelled BUTAHU VOACSU.
   733 | D:1      | 733 ||| READING scroll labelled HUSTEF ZEBYV.
   734 | D:1      | 734 ||| READING scroll labelled UPEOMI FUTEPSEIXA.
   735 | D:1      | 735 ||| READING scroll labelled PIR YNWAZIQ.
   736 | D:1      | 736 ||| DRINKING 2 pink potions.
   737 | D:1      | 737 ||| DROPPING potion of flight.
   738 | D:1      | 738 ||| Stepping randomly (stuck).
   739 | D:1      | 739 ||| Stepping ~*~*~tactically~*~*~ (cloud).
   771 | D:2      | 771 ||| STAIRDANCE
   773 | D:1      | 773 ||| INVOKING Fiery Armour.
   775 | D:1      | Reached XP level 3. HP: 27/36 MP: 3/3
   777 | D:1      | Reached skill level 1 in Shields
   789 | D:2      | 789 ||| STAIRDANCE
   799 | D:2      | Reached XP level 4. HP: 44/44 MP: 4/4
   834 | D:2      | 834 ||| Stepping ~*~*~tactically~*~*~ (hiding).
  1206 | D:2      | 1206 ||| Stepping ~*~*~tactically~*~*~ (stealth).
  1269 | D:2      | Identified the +6 hand axe "Ofyacr Cuzxe" {protect, Dex+3}
  1534 | D:2      | Reached skill level 3 in Shields
  1749 | D:3      | Noticed Sigmund
  1750 | D:3      | 1750 ||| Stepping ~*~*~tactically~*~*~ (hiding).
  1771 | D:3      | Killed Sigmund
  1772 | D:3      | Reached XP level 5. HP: 40/50 MP: 5/5
  1772 | D:3      | Reached XP level 6. HP: 47/59 MP: 6/6
  1787 | D:3      | You fall into a shaft and drop 3 floors!
  1842 | D:6      | 1842 ||| UPGRADING to +1 robe of willpower.
  1852 | D:6      | 1852 ||| DROPPING +0 robe.
  1853 | D:6      | 1853 ||| DRINKING 2 fizzy brown potions.
  1854 | D:6      | 1854 ||| DRINKING 2 blue potions.
  1855 | D:6      | 1855 ||| READING 2 scrolls of identify.
  1855 | D:6      | 1855 ||| IDENTIFYING lumpy coppery potion
  1856 | D:6      | 1856 ||| DROPPING potion of degeneration.
  1860 | D:5      | Entered Level 5 of the Dungeon
  1909 | D:4      | 1909 ||| Stepping ~*~*~tactically~*~*~ (outnumbered).
  1928 | D:4      | 1928 ||| Stepping ~*~*~tactically~*~*~ (hiding).
  1929 | D:4      | 1929 ||| Stepping ~*~*~tactically~*~*~ (hiding).
  1935 | D:4      | Reached skill level 1 in Throwing
  2056 | D:4      | 2056 ||| Stepping ~*~*~tactically~*~*~ (stealth).
  2095 | D:4      | 2095 ||| Stepping ~*~*~tactically~*~*~ (hiding).
  2257 | D:4      | 2257 ||| READING 2 scrolls of identify.
  2257 | D:4      | 2257 ||| IDENTIFYING purple potion
  2258 | D:4      | 2258 ||| DROPPING potion of ambrosia.
  2344 | D:3      | Reached skill level 5 in Unarmed Combat
  2443 | D:3      | 2443 ||| Stepping ~*~*~tactically~*~*~ (stealth).
  2787 | D:4      | 2787 ||| Stepping ~*~*~tactically~*~*~ (hiding).
  2946 | D:4      | Identified the +1 mace "Rysorhiq" {freeze, rPois Int+2}
  2963 | D:4      | Found a runed translucent door.
  3069 | D:4      | 3069 ||| Stepping ~*~*~tactically~*~*~ (hiding).
  3071 | D:4      | 3071 ||| Stepping ~*~*~tactically~*~*~ (hiding).
  3324 | D:4      | 3324 ||| Stepping ~*~*~tactically~*~*~ (stealth).
  3330 | D:4      | 3330 ||| Stepping ~*~*~tactically~*~*~ (stealth).
  3331 | D:4      | 3331 ||| Stepping ~*~*~tactically~*~*~ (stealth).
  3332 | D:4      | 3332 ||| Stepping ~*~*~tactically~*~*~ (stealth).
  3333 | D:4      | 3333 ||| Stepping ~*~*~tactically~*~*~ (stealth).
  3472 | D:4      | Noticed qw's ghost (novice TeWr)
  3474 | D:4      | 3474 ||| READING 2 scrolls of identify.
  3474 | D:4      | 3474 ||| IDENTIFYING lumpy dark potion
  3475 | D:4      | 3475 ||| DROPPING potion of lignification.
  3511 | D:5      | Noticed an ice beast
  3512 | D:5      | 3512 ||| Stepping ~*~*~tactically~*~*~ (stealth).
  3518 | D:5      | 3518 ||| Stepping ~*~*~tactically~*~*~ (outnumbered).
  3519 | D:5      | 3519 ||| Stepping ~*~*~tactically~*~*~ (outnumbered).
  3520 | D:5      | 3520 ||| Stepping ~*~*~tactically~*~*~ (outnumbered).
  3521 | D:5      | 3521 ||| Stepping ~*~*~tactically~*~*~ (outnumbered).
  3522 | D:5      | 3522 ||| Stepping ~*~*~tactically~*~*~ (outnumbered).
  3523 | D:5      | 3523 ||| Stepping ~*~*~tactically~*~*~ (outnumbered).
  3539 | D:5      | Killed an ice beast
  3540 | D:5      | Reached XP level 7. HP: 42/66 MP: 7/7
  3557 | D:5      | 3557 ||| Stepping ~*~*~tactically~*~*~ (stealth).
  3559 | D:5      | 3559 ||| Stepping ~*~*~tactically~*~*~ (stealth).
  3677 | D:5      | 3677 ||| Stepping ~*~*~tactically~*~*~ (hiding).
  3687 | D:5      | 3687 ||| INVOKING Fiery Armour.
  3688 | D:5      | HP: 15/66 [gnoll/+0 club[a gnoll bouda] (5)]
  3689 | D:5      | Reached skill level 6 in Unarmed Combat
  3690 | D:5      | HP: 6/66 [gnoll bouda/+0 club (4)]
  3750 | D:5      | Found a staircase to the Ecumenical Temple.
  3874 | D:5      | 3874 ||| Stepping ~*~*~tactically~*~*~ (stealth).
  3876 | D:5      | 3876 ||| Stepping ~*~*~tactically~*~*~ (hiding).
  4264 | D:5      | Reached skill level 7 in Unarmed Combat
  4410 | D:5      | 4410 ||| READING scroll labelled GUCENU ME DAPN.
  4411 | D:5      | 4411 ||| READING 2 scrolls labelled JEACUPTOTOO.
  4412 | D:5      | 4412 ||| READING scroll labelled TOMELO PUICRASA.
  4417 | D:5      | 4417 ||| READING 2 scrolls of identify.
  4417 | D:5      | 4417 ||| IDENTIFYING inky potion
  4418 | D:5      | 4418 ||| DROPPING potion of magic.
  4419 | D:5      | 4419 ||| DROPPING scroll of blinking.
  4759 | D:6      | 4759 ||| Stepping ~*~*~tactically~*~*~ (stealth).
  4760 | D:6      | 4760 ||| Stepping ~*~*~tactically~*~*~ (stealth).
  4764 | D:6      | 4764 ||| Stepping ~*~*~tactically~*~*~ (stealth).
  4774 | D:6      | Reached XP level 8. HP: 70/74 MP: 8/8
  4793 | D:6      | Reached skill level 6 in Shields
  4819 | D:6      | 4819 ||| Stepping ~*~*~tactically~*~*~ (hiding).
  4820 | D:6      | 4820 ||| Stepping ~*~*~tactically~*~*~ (hiding).
  4991 | D:6      | Found a broken altar of Ashenzari.
  5012 | D:6      | 5012 ||| Stepping ~*~*~tactically~*~*~ (hiding).
  5305 | D:6      | Found a runed translucent gate.
  5305 | D:6      | Found a runed translucent gate.
  5305 | D:6      | Found a runed translucent gate.
  5305 | D:6      | Noticed qw's ghost (novice TeWr)
  5306 | D:6      | 5306 ||| READING scroll labelled KEIMNULAVI.
  5307 | D:6      | 5307 ||| READING scroll labelled SOUMMU SOECA.
  5424 | D:6      | Found a basalt altar of Yredelemnul.
  5624 | D:6      | 5624 ||| READING scroll labelled KUTIGE CUETUPI.
  5625 | D:6      | 5625 ||| READING 2 scrolls of identify.
  5625 | D:6      | 5625 ||| IDENTIFYING yellow potion
  5675 | D:7      | 5675 ||| FLEEEEING.
  5676 | D:7      | 5676 ||| FLEEEEING.
  5677 | D:7      | 5677 ||| STAIRDANCE
  5771 | D:7      | Reached skill level 8 in Unarmed Combat
  5776 | D:7      | 5776 ||| STAIRDANCE
  5859 | D:7      | Reached skill level 3 in Fighting
  5860 | D:7      | 5860 ||| FLEEEEING.
  5861 | D:7      | 5861 ||| STAIRDANCE
  5963 | D:7      | 5963 ||| STAIRDANCE
  6069 | D:7      | 6069 ||| Stepping ~*~*~tactically~*~*~ (stealth).
  6082 | D:7      | 6082 ||| FLEEEEING.
  6104 | D:7      | 6104 ||| FLEEEEING.
  6106 | D:7      | 6106 ||| FLEEEEING.
  6107 | D:7      | 6107 ||| FLEEEEING.
  6108 | D:7      | 6108 ||| STAIRDANCE
  6200 | D:7      | Reached skill level 9 in Unarmed Combat
  6200 | D:7      | 6200 ||| STAIRDANCE
  6388 | D:7      | 6388 ||| Stepping ~*~*~tactically~*~*~ (outnumbered).
  6389 | D:7      | 6389 ||| Stepping ~*~*~tactically~*~*~ (outnumbered).
  6430 | D:7      | 6430 ||| Stepping ~*~*~tactically~*~*~ (stealth).
  6431 | D:7      | 6431 ||| Stepping ~*~*~tactically~*~*~ (stealth).
  6436 | D:7      | 6436 ||| Stepping ~*~*~tactically~*~*~ (stealth).
  6440 | D:7      | Reached XP level 9. HP: 75/81 MP: 9/9
  6451 | D:7      | 6451 ||| Stepping ~*~*~tactically~*~*~ (stealth).
  6452 | D:7      | 6452 ||| Stepping ~*~*~tactically~*~*~ (stealth).
  6458 | D:7      | 6458 ||| Stepping ~*~*~tactically~*~*~ (outnumbered).
  6650 | D:7      | 6650 ||| Stepping ~*~*~tactically~*~*~ (stealth).
  6663 | D:7      | Reached skill level 3 in Throwing
  6748 | D:7      | 6748 ||| Stepping ~*~*~tactically~*~*~ (stealth).
  6757 | D:7      | 6757 ||| INVOKING Fiery Armour.
  6762 | D:7      | HP: 18/81 [killer bee (3)]
  6766 | D:7      | Reached skill level 1 in Dodging
  6767 | D:7      | HP: 11/81 [poisoned by a killer bee]
  6998 | D:7      | 6998 ||| READING 3 scrolls labelled HOXEAD TULIYGG.
  6999 | D:7      | 6999 ||| READING scroll labelled WONETO UCOHORY.
  7037 | D:7      | 7037 ||| READING 2 scrolls of identify.
  7037 | D:7      | 7037 ||| IDENTIFYING cyan potion
  7038 | D:7      | 7038 ||| DROPPING 2 scrolls of immolation.
  7174 | D:8      | Found a transporter.
  7197 | D:8      | Found a transporter.
  7200 | D:8      | Found a transporter.
  7483 | D:8      | 7483 ||| Stepping ~*~*~tactically~*~*~ (stealth).
  7488 | D:8      | 7488 ||| Stepping ~*~*~tactically~*~*~ (stealth).
  7500 | D:8      | Found a transporter.
  7709 | D:8      | 7709 ||| Stepping ~*~*~tactically~*~*~ (stealth).
  7721 | D:8      | 7721 ||| INVOKING Fiery Armour.
  7900 | D:8      | 7900 ||| Stepping ~*~*~tactically~*~*~ (hiding).
  7906 | D:8      | Reached skill level 10 in Unarmed Combat
  8013 | D:8      | 8013 ||| READING 2 scrolls of identify.
  8013 | D:8      | 8013 ||| IDENTIFYING metallic sapphire potion
  8014 | D:8      | 8014 ||| DROPPING potion of brilliance.
  8075 | D:9      | 8075 ||| Stepping ~*~*~tactically~*~*~ (hiding).
  8081 | D:9      | 8081 ||| Stepping ~*~*~tactically~*~*~ (outnumbered).
  8143 | D:9      | Found an ornate altar of the Wu Jian Council.
  8189 | D:9      | Noticed a two-headed ogre
  8196 | D:9      | 8196 ||| INVOKING Fiery Armour.
  8198 | D:9      | Killed a two-headed ogre
  8261 | D:9      | Reached XP level 10. HP: 91/91 MP: 10/10
  8284 | D:9      | 8284 ||| Stepping ~*~*~tactically~*~*~ (hiding).
  8289 | D:9      | 8289 ||| Stepping ~*~*~tactically~*~*~ (outnumbered).
  8412 | D:9      | 8412 ||| Stepping ~*~*~tactically~*~*~ (stealth).
  8416 | D:9      | 8416 ||| Stepping ~*~*~tactically~*~*~ (outnumbered).
  8417 | D:9      | 8417 ||| Stepping ~*~*~tactically~*~*~ (outnumbered).
  8418 | D:9      | 8418 ||| Stepping ~*~*~tactically~*~*~ (outnumbered).
  8419 | D:9      | 8419 ||| Stepping ~*~*~tactically~*~*~ (outnumbered).
  8473 | D:9      | 8473 ||| INVOKING Fiery Armour.
  8475 | D:9      | HP: 22/92 [poisoned by a killer bee]
  8476 | D:9      | 8476 ||| READING scroll of teleportation.
  8477 | D:9      | 8477 ||| DRINKING potion of heal wounds.
  8564 | D:9      | 8564 ||| Stepping ~*~*~tactically~*~*~ (hiding).
  8567 | D:9      | 8567 ||| Stepping ~*~*~tactically~*~*~ (hiding).
  8714 | D:9      | Found a transporter.
  8717 | D:9      | Noticed qw's ghost (novice TeWr)
  8774 | D:9      | 8774 ||| Stepping ~*~*~tactically~*~*~ (hiding).
  8822 | D:9      | Found a transporter.
  8940 | D:10     | Entered Level 10 of the Dungeon
  8974 | D:10     | Reached skill level 11 in Unarmed Combat
  8976 | D:10     | 8976 ||| Stepping ~*~*~tactically~*~*~ (stealth).
  8977 | D:10     | 8977 ||| Stepping ~*~*~tactically~*~*~ (stealth).
  8990 | D:10     | Reached skill level 9 in Shields
  9004 | D:10     | Noticed a deep elf pyromancer
  9004 | D:10     | Noticed a tengu warrior
  9013 | D:10     | 9013 ||| INVOKING Fiery Armour.
  9014 | D:10     | 9014 ||| Stepping ~*~*~tactically~*~*~ (outnumbered).
  9015 | D:10     | HP: 21/92 [tengu warrior/+0 great mace (3)]
  9016 | D:10     | HP: 9/92 [tengu warrior/+0 great mace (6)]
  9018 | D:10     | HP: 2/92 [fire elemental[a deep elf pyromancer] (5)]
  9019 | D:10     | Mangled by a tengu warrior

Levels and vault maps discovered:
D:1:      dpeg_arrival_three_bigger_balls, layout_loops_ring,
          ebering_ecumenical_altar_sacrificial, serial_shops,
          nicolae_shop_bloodbath_and_beyond
D:2:      layout_loops_ring
D:3:      layout_loops_cross, minmay_tree_intersection, uniq_sigmund
D:4:      layout_basic, ebering_ghost_reflecting_pool, guppyfry_early_lair_pool
D:5:      layout_loops_corners, minmay_temple_entry_large_hall
D:6:      layout_basic, nicolae_yredelemnul_ghost_church,
          mainiacjoe_overflow_tiny_flanked
D:7:      hellmonk_destroyed_diamonds, layout_basic
D:8:      layout_loops_corners, nicolae_diode_intersection
D:9:      layout_irregular_city, mainiacjoe_overflow_alcove_2,
          gammafunk_ghost_stat_death
D:10:     minmay_diamond_stairs, layout_basic, grunt_temple_overflow_open

Skill      XL: |  1  2  3  4  5  6  7  8  9 10 |
---------------+-------------------------------+-----
Unarmed Combat | 4 5 7 9 10 11 | 11.1
Shields        | 2 4 5 6 8 9 |  9.0
Throwing       | 1 2 3 |  3.5
Fighting       | 3 4 |  4.0
Dodging        | 1 |  1.1
Spellcasting   | |  1.0
Fire Magic     | |  2.1

Action                   |  1- 3 |  4- 6 |  7- 9 | 10-12 || total
-------------------------+-------+-------+-------+-------++-------
Melee: Unarmed           |    71 |   198 |   238 |    80 ||   587
       Punch             |     1 |       |       |       ||     1
Throw: Large rock        |       |    21 |    16 |       ||    37
       Boomerang         |       |       |    40 |    17 ||    57
Invok: Fiery Armour      |     1 |       |     4 |     2 ||     7
  Use: Scroll            |     5 |     3 |    12 |     1 ||    21
       Potion            |     1 |     2 |       |     1 ||     4
Armor: Robe              |    35 |    43 |    54 |    40 ||   172
Dodge: Dodged            |    23 |    55 |   102 |    32 ||   212
Block: Kite shield       |     2 |    53 |    82 |    46 ||   183

Table legend:
 A = Non-vault XP
 B = Vault XP
 C = Vault XP percentage of total XP
 D = Non-vault monster count
 E = Vault monster count
 F = Vault count percentage of total count
                 A         B        C        D         E       F
            +---------+---------+-------+---------+---------+-------
      Total |    7586 |     397 |   5.0 |     202 |       6 |   2.9
            +---------+---------+-------+---------+---------+-------
        D:1 |      78 |       0 |   0.0 |      24 |       0 |   0.0
        D:2 |      86 |       0 |   0.0 |      25 |       0 |   0.0
        D:3 |     119 |     226 |  65.5 |      15 |       1 |   6.2
        D:4 |     117 |      41 |  25.9 |      21 |       3 |  12.5
        D:5 |     587 |       0 |   0.0 |      20 |       0 |   0.0
        D:6 |     535 |     130 |  19.5 |      13 |       2 |  13.3
        D:7 |    1635 |       0 |   0.0 |      28 |       0 |   0.0
        D:8 |     749 |       0 |   0.0 |      20 |       0 |   0.0
        D:9 |    2842 |       0 |   0.0 |      32 |       0 |   0.0
       D:10 |     838 |       0 |   0.0 |       4 |       0 |   0.0
            +---------+---------+-------+---------+---------+-------
